 Dungeon Crawl Stone Soup version 0.19-a0-1238-gee6bd96 (webtiles) character file.

9194 DarthKuruptios the Carver (level 11, -6/90 HPs)
             Began as a Minotaur Berserker on Aug 9, 2016.
             Was a High Priest of Trog.
             Mangled by an eight-headed hydra (10 damage)
             ... on level 11 of the Dungeon on Aug 26, 2016.
             The game lasted 00:45:10 (8812 turns).

DarthKuruptios the Carver (Minotaur Berserker)      Turns: 8812, Time: 00:45:11

Health: -6/90      AC: 16    Str: 22    XL:     11   Next: 19%
Magic:  10/10      EV:  8    Int:  6    God:    Trog [*****.]
Gold:   323        SH:  0    Dex: 13    Spells: 0 memorised, 10 levels left

rFire  + . .     SeeInvis .     w - +3 demon blade (freeze)
rCold  . . .     Gourm    .     x - +0 plate armour
rNeg   . . .     Faith    .     v - +2 shield
rPois  .         Spirit   .     (helmet restricted)
rElec  .         Dismiss  .     (no cloak)
rCorr  .         Reflect  .     (no gloves)
MR     .....     Harm     .     M - +0 pair of boots
Stlth  ..........               (no amulet)
                                t - +2 ring of intelligence
                                u - ring of protection from fire

@: confused
A: retaliatory headbutt, horns 2, frail 1, sense surroundings 1, MP-powered
wands
a: Berserk, Trog's Hand, Brothers in Arms, Burn Spellbooks, Renounce Religion


You were on level 11 of the Dungeon.
You worshipped Trog.
Trog was extremely pleased with you.
You were not hungry.

You visited 1 branch of the dungeon, and saw 11 of its levels.

You collected 641 gold pieces.
You spent 318 gold pieces at shops.

Inventory:

Hand Weapons
 h - a cursed +0 long sword
 w - a +3 demon blade of freezing (weapon)
 z - the +3 falchion "Killer Bee's Peril" {elec, Int+4}
   (You found it on level 5 of the Dungeon)

   Occasionally, upon striking a foe, it will discharge some electrical energy
   and cause terrible harm.
   It affects your intelligence (+4).
 N - a +0 great sword
Missiles
 C - 2 javelins (quivered)
 E - 11 tomahawks
 J - 8 large rocks
Armour
 b - a +0 animal skin
 j - a +1 scale mail
 v - a +2 shield (worn)
 x - a +0 plate armour (worn)
 M - a +0 pair of boots (worn)
Rods
 K - a +0 rod of clouds (13/13)
   (You found it on level 7 of the Dungeon)
Jewellery
 t - a +2 ring of intelligence (right hand)
 u - a ring of protection from fire (left hand)
Wands
 D - a wand of digging (17/24)
 L - a wand of digging (15/24)
Scrolls
 a - a scroll of teleportation
 d - 3 scrolls of enchant weapon
 k - 3 scrolls of fear
 s - 2 scrolls of fog
 y - 5 scrolls of enchant armour
 H - 2 scrolls of identify
 I - 2 scrolls of recharging
Potions
 e - a potion of haste
 g - 4 potions of agility
 m - 4 potions of cure mutation
 n - a potion of brilliance
 p - a potion of might
 q - 3 potions of invisibility
 A - a potion of flight
Comestibles
 c - 4 bread rations
 f - 2 beef jerkies
 o - 6 meat rations
 r - a royal jelly


   Skills:
 + Level 10.5 Fighting
 + Level 11.7 Long Blades
 + Level 0.4 Throwing
 + Level 10.2 Armour
 + Level 6.2 Dodging
 + Level 1.0 Stealth
 + Level 8.3 Shields


You had 10 spell levels left.
You didn't know any spells.

Dungeon Overview and Level Annotations

Branches:
Dungeon (11/15)            Temple (0/1) D:7            Lair (0/6) D:11
    Orc: D:9-12

Altars:
Ashenzari
Cheibriados
Elyvilon
Fedhas
Makhleb
Vehumet

Shops:
D:4 }   D:5 =%%   D:6 *(*


Innate Abilities, Weirdness & Mutations

You reflexively headbutt those who attack you in melee.
You have a pair of horns on your head.
You are frail. (-10% HP)
You passively map a small area around you.
You expend magic power (3 MP) to strengthen your wands.


Message History

The eight-headed hydra bites you but does no damage.
The eight-headed hydra bites you!
* * * LOW HITPOINT WARNING * * *
The eight-headed hydra bites you but does no damage.
The eight-headed hydra bites you.
* * * LOW HITPOINT WARNING * * *
You bump into the rock wall.
The eight-headed hydra bites you but does no damage.
The eight-headed hydra barely misses you.
The eight-headed hydra bites you but does no damage.
The eight-headed hydra bites you.
* * * LOW HITPOINT WARNING * * *
The eight-headed hydra bites you but does no damage.
The eight-headed hydra bites you.
* * * LOW HITPOINT WARNING * * *
The eight-headed hydra bites you but does no damage. x2
You bump into the rock wall.
The eight-headed hydra bites you but does no damage.
The eight-headed hydra bites you!
You die...

* (.# , #.# #
#...##..##(# #
#.##...##..##(# #
#.##...##..##.# #
#.##...##..##.# #
#.##...##..##.# #
#.##...##..##D# #
#.##...##..##@# #
#.##...##..##.#
####..........##.#
.................#
##################


You could see an eight-headed hydra.

Vanquished Creatures
  An unseen horror (D:11)
  2 hill giants
  The ghost of PurpleRed the Destroyer, a novice DECj of Vehumet (D:10)
  A cyclops (D:11)
  A troll (D:11)
  Prince Ribbit (D:8)
  Grinder (D:5)
  A shadow (D:11)
  4 yaks (D:10)
  A hippogriff (D:7)
  2 ice beasts
  3 sky beasts
  4 orc warriors
  4 necrophages (D:7)
  2 wolves
  3 ogres
  2 phantoms
  5 centaurs
  A crocodile (D:11)
  A big kobold (D:8)
  6 giant frogs
  A water moccasin zombie (D:7)
  3 scorpions
  3 killer bees (D:7)
  3 electric eels (D:11)
  3 howler monkeys
  13 wights
  A centaur zombie (D:7)
  3 crimson imps
  12 hounds
  A quasit (D:9)
  A wasp zombie (D:9)
  A giant frog skeleton (D:11)
  2 giant frog zombies
  3 jellies
  6 orc priests
  A centaur skeleton (D:9)
  3 orc wizards
  An iguana (D:10)
  Ijyb (D:2)
  10 worker ants
  A killer bee zombie (D:7)
  A hound skeleton (D:6)
  2 howler monkey zombies
  Robin (D:3)
  A howler monkey skeleton (D:8)
  10 adders
  3 shadow imps
  An ooze (D:2)
  2 adder zombies
  An adder skeleton (D:5)
  5 worms
  3 dart slugs
  5 giant geckos
  44 orcs
  6 bats
  5 giant cockroaches
  14 goblins
  9 hobgoblins
  10 jackals
  4 quokkas
  3 ball pythons
  4 giant newts
  8 kobolds
  A quokka zombie (D:6)
  4 rats
267 creatures vanquished.

Vanquished Creatures (others)
  An orc (D:11)
  A bush (D:7)
  11 plants (D:7)
13 creatures vanquished.

Grand Total: 280 creatures vanquished

Notes
Turn   | Place    | Note
-------+----------+-------------------------------------------
     0 | D:1      | DarthKuruptios the Minotaur Berserker began the quest for the Orb.
     0 | D:1      | Reached XP level 1. HP: 19/19 MP: 0/0
   234 | D:1      | Reached skill level 4 in Long Blades
   234 | D:1      | Reached XP level 2. HP: 15/27 MP: 1/1
   597 | D:2      | Upgraded the game from 0.19-a0-1107-gc676ff4 to 0.19-a0-1132-g9ec05d1
   652 | D:2      | Noticed Ijyb
   657 | D:2      | Reached XP level 3. HP: 32/33 MP: 2/2
   665 | D:2      | Killed Ijyb
   743 | D:2      | Reached XP level 4. HP: 40/40 MP: 3/3
   872 | D:2      | Reached ** piety under Trog
  1010 | D:2      | Reached skill level 5 in Long Blades
  1364 | D:3      | Noticed a phantom
  1375 | D:3      | Killed a phantom
  1375 | D:3      | Reached XP level 5. HP: 40/47 MP: 4/4
  1401 | D:3      | Upgraded the game from 0.19-a0-1132-g9ec05d1 to 0.19-a0-1168-g98094fc
  1425 | D:3      | Upgraded the game from 0.19-a0-1168-g98094fc to 0.19-a0-1225-gf887c1c
  1438 | D:3      | Found a faded altar of an unknown god.
  1440 | D:3      | Noticed Robin
  1460 | D:3      | Killed Robin
  1595 | D:3      | Found a shattered altar of Ashenzari.
  1720 | D:4      | Found a white marble altar of Elyvilon.
  1731 | D:4      | Reached *** piety under Trog
  1737 | D:4      | Reached skill level 5 in Fighting
  1737 | D:4      | Reached XP level 6. HP: 35/56 MP: 5/5
  2047 | D:4      | Found Quusm's Gadget Emporium.
  2152 | D:4      | Found a radiant altar of Vehumet.
  2174 | D:4      | Reached skill level 6 in Long Blades
  2174 | D:4      | Reached XP level 7. HP: 17/61 MP: 6/6
  2395 | D:4      | Reached skill level 5 in Armour
  2618 | D:5      | Entered Level 5 of the Dungeon
  2981 | D:5      | Noticed Grinder
  2997 | D:5      | Killed Grinder
  2997 | D:5      | Reached skill level 5 in Dodging
  3110 | D:5      | Found Jucyl Iwn's Jewellery Boutique.
  3410 | D:5      | Found Mamocum's Food Emporium.
  3419 | D:5      | Upgraded the game from 0.19-a0-1225-gf887c1c to 0.19-a0-1238-gee6bd96
  3419 | D:5      | Bought a meat ration for 70 gold pieces
  3419 | D:5      | Bought a meat ration for 70 gold pieces
  3425 | D:5      | Found Namixaoc's Food Emporium.
  3428 | D:5      | Bought a royal jelly for 22 gold pieces
  3428 | D:5      | Bought a beef jerky for 16 gold pieces
  3594 | D:5      | Got a slimy falchion
  3595 | D:5      | Identified the cursed +3 falchion "Killer Bee's Peril" {elec, Int+4} (You found it on level 5 of the Dungeon)
  3684 | D:5      | Identified a scroll of acquirement
  3755 | D:6      | Reached XP level 8. HP: 66/71 MP: 7/7
  3803 | D:6      | Found Idayghaq's Assorted Antiques.
  3860 | D:6      | Found Pacionass's Assorted Antiques.
  3872 | D:6      | Bought a scroll of remove curse for 84 gold pieces
  3872 | D:6      | Bought a scroll labeled KEPSIAVETSI for 28 gold pieces
  3872 | D:6      | Bought a scroll labeled LEBULAPYMAEJ for 28 gold pieces
  4129 | D:6      | Found Uramisue's Antique Weapon Shoppe.
  4148 | D:6      | Reached skill level 7 in Long Blades
  4148 | D:6      | Reached skill level 1 in Shields
  4157 | D:6      | Reached **** piety under Trog
  4652 | D:7      | Gained mutation: You are frail. (-10% HP) [mutagenic meat]
  4658 | D:7      | Gained mutation: You passively map a small area around you. [mutagenic meat]
  4664 | D:7      | Gained mutation: You expend magic power (3 MP) to strengthen your wands. [mutagenic meat]
  4696 | D:7      | Found a staircase to the Ecumenical Temple.
  4775 | D:7      | Found a blossoming altar of Fedhas.
  4972 | D:7      | Reached skill level 8 in Long Blades
  5094 | D:7      | Reached XP level 9. HP: 70/72 MP: 8/8
  5454 | D:7      | Reached ***** piety under Trog
  5587 | D:7      | Reached skill level 9 in Long Blades
  5590 | D:7      | Reached skill level 5 in Shields
  5705 | D:8      | Reached skill level 1 in Stealth
  5760 | D:8      | Noticed Prince Ribbit
  5911 | D:8      | Killed Prince Ribbit
  6002 | D:8      | Found an oddly glowing altar of Pakellas.
  6003 | D:8      | Found a snail-covered altar of Cheibriados.
  6522 | D:9      | Noticed a hill giant
  6529 | D:9      | Killed a hill giant
  6529 | D:9      | Reached skill level 10 in Long Blades
  6529 | D:9      | Reached XP level 10. HP: 81/81 MP: 9/9
  6928 | D:9      | Found a burning altar of Makhleb.
  7012 | D:10     | Entered Level 10 of the Dungeon
  7167 | D:10     | Noticed PurpleRed's ghost (novice DECj)
  7174 | D:10     | Killed PurpleRed's ghost
  7573 | D:10     | Reached skill level 11 in Long Blades
  7795 | D:11     | Received a gift from Trog
  7798 | D:11     | Noticed a hill giant
  7800 | D:11     | Reached skill level 10 in Fighting
  7805 | D:11     | Killed a hill giant
  7821 | D:11     | Reached XP level 11. HP: 44/90 MP: 10/10
  8221 | D:11     | Found a staircase to the Lair.
  8270 | D:11     | HP: 3/90 [something (8)]
  8275 | D:11     | HP: 2/90 [something (2)]
  8279 | D:11     | Killed an unseen horror
  8655 | D:11     | Reached skill level 10 in Armour
  8794 | D:11     | Noticed a six-headed hydra
  8810 | D:11     | HP: 4/90 [eight-headed hydra (9)]
  8811 | D:11     | HP: 1/90 [eight-headed hydra (6)]
  8812 | D:11     | Mangled by an eight-headed hydra

Vault maps used:
D:1:      scummos_arrival_checkerplants
D:2:      uniq_iyjb
D:3:      evilmike_ruin_ashenzari, ecumenical_altar_1, uniq_robin
D:4:      vehumet_altar_wand_db, elyvilon_altar_5, serial_shops, shop_statue
D:5:      serial_shops, shop, kennysheep_little_box, kennysheep_mini_moat,
          first_bread, amethyst_killhole, uniq_grinder
D:6:      serial_glass, glass_columns_c, glass_columns_b, glass_columns_b,
          glass_columns_a, glass_columns_b, serial_shops,
          nicolae_shop_overgrown_old_shop, nicolae_shop_statue_plus, shop
D:7:      fedhas_altar_decomposition, grunt_decor_arrowhead
D:8:      grunt_temple_overflow_open, uniq_prince_ribbit1
D:9:      makhleb_heckhound_becter
D:10:     kennysheep_crisscross
D:11:     erik_lair_island, david_orc_3, grunt_livestock

Skill      XL: |  1  2  3  4  5  6  7  8  9 10 11 |
---------------+----------------------------------+-----
Long Blades    | 4 5 6 8 10 11 | 11.7
Fighting       | 4 5 6 7 9 10 | 10.5
Armour         | 3 4 6 7 8 9 10 | 10.2
Dodging        | 3 4 5 6 |  6.2
Shields        | 3 6 7 8 |  8.3
Stealth        | 1 |  1.0
Throwing       | |  0.4

Action                   |  1- 3 |  4- 6 |  7- 9 | 10-12 || total
-------------------------+-------+-------+-------+-------++-------
Melee: Falchion          |    79 |   114 |   135 |       ||   328
       Headbutt          |     5 |    21 |    95 |    55 ||   176
       Demon blade       |       |       |   302 |   207 ||   509
Throw: Javelin           |       |       |     3 |     7 ||    10
Invok: Berserk           |       |     2 |     2 |     2 ||     6
       Trog's Hand       |       |     1 |     2 |     5 ||     8
       Burn Spellbooks   |       |     1 |       |       ||     1
  Use: Scroll            |       |     8 |     8 |     6 ||    22
       Potion            |       |       |       |    10 ||    10
  Eat: Chunk             |       |     5 |    22 |     7 ||    34
       Bread ration      |       |       |       |     2 ||     2
Armor: Animal skin       |     7 |       |       |       ||     7
       Scale mail        |    13 |    38 |    22 |       ||    73
       Plate armour      |       |       |   109 |   138 ||   247
       Skin              |       |       |       |     1 ||     1
Dodge: Dodged            |    49 |    64 |    92 |    63 ||   268
Block: Shield            |       |       |   148 |   147 ||   295
